 Dungeon Crawl Stone Soup version 0.24.0-123-gd5b16e6ec5 (webtiles) character file.

Game seed: 6908320181284183624, levelgen mode: deterministic

13820 sanka the Covert (level 11, -3/56 HPs)
             Began as a Spriggan Enchanter on Jan 23, 2020.
             Was a High Priest of Wu Jian.
             Slain by a fire bat (8 damage)
             ... in a Gauntlet on Jan 24, 2020.
             The game lasted 00:38:10 (12867 turns).

sanka the Covert (Spriggan Enchanter)              Turns: 12867, Time: 00:38:10

Health: -3/56      AC:  3    Str:  4    XL:     11   Next: 80%
Magic:  22/34      EV: 27    Int: 19    God:    Wu Jian [*****.]
Gold:   649        SH:  8    Dex: 18    Spells: 19/28 levels left

rFire    . . .     SeeInvis +   a - +1 dagger
rCold    . . .     Gourm    .   J - +2 buckler
rNeg     . . .     Faith    +   l - +1 robe {MR+}
rPois    .         Spirit   .   (helmet restricted)
rElec    .         Reflect  .   (no cloak)
rCorr    .         Harm     .   (gloves unavailable)
MR       ++...     NoTele   +   (boots unavailable)
Stlth    ++++++....             b - amulet of faith {!P}
HPRegen  0.18/turn              j - ring of flight
MPRegen  0.24/turn              s - ring of magical power

@: very quick
A: very small, unfitting armour, see invisible, herbivore, speed 3, slow
metabolism 2
a: Wall Jump, Serpent's Lash, Heavenly Storm, Renounce Religion, Evoke Flight


You were in a Gauntlet.
You worshipped Wu Jian.
Wu Jian was extremely pleased with you.
You were very hungry.

You visited 2 branches of the dungeon, and saw 12 of its levels.
You also visited: Gauntlet.

You collected 649 gold pieces.


Innate Abilities, Weirdness & Mutations

You are very small and have problems with some larger weapons.
You are too small for most types of armour.
You have supernaturally acute eyesight. (SInv)
You are a herbivore.
You cover ground extremely quickly.
You need to consume almost no food.


   Skills:
 + Level 5.3 Fighting
 + Level 9.8 Short Blades
 + Level 10.9 Dodging
 + Level 14.0 Stealth
 + Level 1.0 Shields
 - Level 9.0 Spellcasting
 - Level 10.0 Hexes


You had 19 spell levels left.
You knew the following spells:

 Your Spells              Type           Power        Failure   Level  Hunger
c - Mephitic Cloud        Conj/Pois/Air  #.......     36%         3    None
x - Confuse               Hex            #####...     1%          3    None
y - Corona                Hex            #####..      1%          1    None
z - Ensorcelled Hibernat  Hex/Ice        ####..       2%          2    None

Your spell library contained the following spells:

 Spells                   Type           Power        Failure   Level  Hunger
 Tukima's Dance           Hex            #####...     1%          3    None
 Dazzling Spray           Conj/Hex       ####..       4%          3    None
 Sting                    Conj/Pois      #...         13%         1    None
 Poisonous Vapours        Pois/Air       #.....       19%         2    None
 Olgreb's Toxic Radiance  Pois           #.......     77%         4    ###....
 Venom Bolt               Conj/Pois      #.........   98%         5    #####..


Dungeon Overview and Level Annotations

Branches:
Dungeon (11/15)            Temple (1/1) D:5            Lair (0/6) D:10
    Orc (0/2) D:10        Gauntlet (1/1)

Altars:
Ashenzari
Cheibriados
Dithmenos
Gozag
Kikubaaqudgha
Makhleb
Nemelex Xobeh
Okawaru
Qazlal
Ru
Sif Muna
Trog
Vehumet
Wu Jian
Xom
Zin
The Shining One

Annotations:
Gauntlet 11 transporters, 21 runed translucent doors, exclusion: oklob plant

Inventory:

Hand Weapons
 a - a +1 dagger (weapon)
 I - a +1 dagger of chaos
   (You took it off Psyche on level 10 of the Dungeon)
Missiles
 m - 4 throwing nets (quivered) {!f}
Armour
 l - a +1 robe of magic resistance (worn)
   (You found it on level 1 of the Dungeon)
 J - a +2 buckler (worn)
   (You took it off a gnoll sergeant on level 10 of the Dungeon)
Jewellery
 b - an amulet of faith (around neck) {!P}
   (You found it on level 7 of the Dungeon)
 j - a ring of flight (left hand)
   (You found it on level 1 of the Dungeon)
 s - a ring of magical power (right hand)
   (You found it on level 3 of the Dungeon)
 G - an uncursed amulet of guardian spirit {unknown}
   (You found it on level 9 of the Dungeon)
Wands
 q - a wand of enslavement (11)
   (You found it on level 2 of the Dungeon)
 y - a wand of flame (9)
   (You took it off Eustachio on level 4 of the Dungeon)
 H - a wand of scattershot (5)
   (You found it on level 8 of the Dungeon)
Scrolls
 e - 5 scrolls of teleportation {@r4}
 f - 3 scrolls of remove curse {@r2}
 h - a scroll of blinking
 k - 3 scrolls of amnesia
 p - a scroll of immolation {!r}
 r - 5 scrolls of noise {!r}
 v - a scroll of fog {unknown}
 w - 3 scrolls of enchant armour
 x - a scroll of fear
 B - a scroll of enchant weapon
 E - a scroll of vulnerability {unknown}
 F - a scroll of torment {!r}
Potions
 c - 4 potions of curing {@q1}
 g - 2 potions of berserk rage {unknown}
 i - a potion of lignification {unknown}
 n - 2 potions of flight {unknown}
 o - 2 potions of brilliance {unknown}
 t - 3 potions of heal wounds {@q2}
 u - 3 potions of haste {@q3}
 C - a potion of mutation {unknown}
 D - 2 potions of resistance {unknown}
Comestibles
 d - 18 rations

### ### ### ### ### # #8#
#8# #8# #8# #8# #
#######################
###≈............§∩≈......
#8#.......©.............©
###..###########...######
#..#.........#...##..##
###..#.b##.##..#.∩.####.#
#8#..#.#@b#..#.#...##.##.
###..#.#.t#..#.#...#h#..#
#..#.^#####^.#...#####.
###..#.#..#..#.#...##.###
#8#..#.#.^#..#.#...##..##
###..#..##.##..#...#.#"#.
#..#...?©.)..#...##.#.©
###..###########...######
#8#.....#.©.#....≈....#.©


You could see a fire crab (confused) and 2 fire bats.


Message History

Press: ? - help, Shift-Dir - straight line, f/p - fire crab
Aim: a fire crab (chance to defeat MR: 38%)
The fire crab easily resists.
You block the fire bat's attack. The fire crab bites you.
* * * LOW HITPOINT WARNING * * *
You are engulfed in flames!
* * * LOW HITPOINT WARNING * * *
The fire crab completely misses you.
Casting: Ensorcelled Hibernation (safe; 2% risk of failure)
Confirm with . or Enter, or press ? or * to list all spells.
Aiming: Ensorcelled Hibernation (safe; 2% risk of failure)
Press: ? - help, Shift-Dir - straight line, f/p - fire crab
Aim: a fire crab (chance to defeat MR: 38%)
Okay, then.
You feel much better. The fire bat misses you. You block the fire bat's attack.
The fire crab closely misses you. The fire crab barely misses you.
Casting: Ensorcelled Hibernation (safe; 2% risk of failure)
Confirm with . or Enter, or press ? or * to list all spells.
Aiming: Ensorcelled Hibernation (safe; 2% risk of failure)
Press: ? - help, Shift-Dir - straight line, f/p - fire crab
Aim: a fire crab (chance to defeat MR: 38%)
The fire crab easily resists.
You block the fire bat's attack. The fire crab misses you.
The fire crab barely misses you.
Casting: Ensorcelled Hibernation (safe; 2% risk of failure)
Confirm with . or Enter, or press ? or * to list all spells.
Aiming: Confuse (safe; 1% risk of failure)
Press: ? - help, Shift-Dir - straight line, f/p - fire crab
Aim: a fire crab (chance to defeat MR: 53%)
The fire crab resists with significant effort.
The fire bat barely misses you.
The fire bat enters a dispersal trap!
The fire crab blinks!
You blink.
The fire bat bites you.
You are engulfed in flames!
* * * LOW HITPOINT WARNING * * *
Casting: Confuse (safe; 1% risk of failure)
Confirm with . or Enter, or press ? or * to list all spells.
Aiming: Confuse (safe; 1% risk of failure)
Press: ? - help, Shift-Dir - straight line, f/p - fire crab
Aim: a fire crab (translocational energy, chance to defeat MR: 53%)
The fire crab appears confused.
The fire bat misses you.
You lunge at the fire crab.
You hit the fire crab but do no damage. You block the fire bat's attack.
The fire bat bites you.
* * * LOW HITPOINT WARNING * * *
You are engulfed in flames!
* * * LOW HITPOINT WARNING * * *
You hit the fire crab.
The fire crab is lightly wounded.
You block the fire bat's attack. The fire bat bites you.
* * * LOW HITPOINT WARNING * * *
You are engulfed in flames!
You die...

Levels and vault maps discovered:
D:1:      minmay_arrival_stair_chambers, layout_basic, minmay_pentomino_v4
D:2:      layout_loops_ring, lemuel_round_altar, uniq_robin
D:3:      layout_loops_corners, first_ration
D:4:      layout_loops_ring, bloody_trog, grunt_temple_overflow_open,
          uniq_eustachio, uniq_pikel, uniq_blork_the_orc
D:5:      layout_rooms, minmay_temple_entry_proselytizer, tso_metal_star
D:6:      layout_rooms, overflow_temple_1_default, serial_bayou_pond_b
D:7:      layout_loops_cross, kennysheep_mini_moat, the_bakery
D:8:      argonaut_augean_stables, layout_basic, overflow_temple_1_default
D:9:      layout_cave_pools, okawaru_humans, ebering_ghost_xom
D:10:     layout_basic, lair_entry_dummy,
          kennysheep_orc_monster_closet_entryway, uniq_harold, uniq_psyche
D:11:     layout_gridville, gauntlet_entry_generic
Temple:   nicolae_temple_figure_eight
Gauntlet: gammafunk_gauntlet_hard_choice [gammafunk_gauntlet_arena_mazey,
          nicolae_gauntlet_arena_quarters, nicolae_gauntlet_arena_flowing_pool,
          gammafunk_gauntlet_arena_split_diamond,
          gammafunk_gauntlet_arena_arrow_garden,
          minmay_gauntlet_arena_make_your_own_arena,
          nicolae_gauntlet_exit_dead_adventurers]

Vanquished Creatures
  Harold (D:10)
  The ghost of Oto Noa the Cleaver, a novice MiBe of Trog (D:9)
  A two-headed ogre (D:8)
  Pikel (D:4)
  A cyclops (D:9)
  Psyche (D:10)
  A centaur skeleton (D:10)
  A troll (D:10)
  6 hippogriffs
  A spriggan (D:7)
  2 wyverns
  2 humans (D:9)
  Eustachio (D:4)
  13 yaks
  2 black bears
  A slave (D:4)
  9 orc warriors
  3 ice beasts
  A necrophage (D:8)
  5 phantoms
  3 sky beasts
  An eye of draining (D:10)
  8 ogres
  8 centaurs
  Blork the orc (D:4)
  A crocodile (D:11)
  3 big kobolds
  5 gnoll sergeants
  2 bullfrogs
  6 howler monkeys
  2 centaur zombies
  4 crimson imps
  6 hounds
  4 jellies
  6 orc priests
  A bullfrog skeleton (D:8)
  5 iguanas
  9 orc wizards
  7 worker ants
  2 worker ant zombies
  Robin (D:2)
  10 gnolls
  14 adders
  2 shadow imps
  An adder skeleton (D:6)
  A worm (D:3)
  A dart slug (D:1)
  4 leopard geckos
  45 orcs
  9 bats
  2 giant cockroaches
  16 goblins
  4 hobgoblins
  15 jackals
  3 quokkas
  7 frilled lizards
  A jackal skeleton (D:4)
  7 kobolds
  A leopard gecko skeleton (D:6)
  5 rats
287 creatures vanquished.

Vanquished Creatures (others)
  16 withered plants (Gauntlet)
16 creatures vanquished.

Grand Total: 303 creatures vanquished

Table legend:
 A = Turns spent in this place as a percentage of turns spent in the entire game.
 B = Non-inter-level travel turns spent in this place as a percentage of non-inter-level travel turns spent in the entire game.
 C = Inter-level travel turns spent in this place as a percentage of turns spent in this place.
 D = Turns resting spent in this place as a percentage of non-inter-level travel turns spent in this place.
 E = Turns spent auto-exploring this place as a percentage of non-inter-level travel turns spent in this place.
 F = Non-inter-level travel turns spent in this place divided by the number of levels of this place that you've seen.
                   A       B       C       D       E      F
               +-------+-------+-------+-------+-------+----------------------
         Total | 100.0 | 100.0 |   4.4 |  36.8 |  38.3 | 946.2
       Dungeon |  94.6 |  94.5 |   4.5 |  37.2 |  39.5 | 1057.0
        Temple |   1.0 |   0.9 |  14.8 |   0.0 |  94.8 | 115.0
      Gauntlet |   4.3 |   4.5 |   0.0 |  34.9 |   1.6 | 558.0
               +-------+-------+-------+-------+-------+----------------------

Table legend:
 A = Kills in this place as a percentage of kills in entire the game.
 B = Kills by you in this place as a percentage of kills by you in the entire game.
 C = Kills by friends in this place as a percentage of kills by friends in the entire game.
 D = Other kills in this place as a percentage of other kills in the entire game.
 E = Experience gained in this place as a percentage of experience gained in the entire game.
 F = Experience gained in this place divided by the number of levels of this place that you have seen.
                   A       B       C       D       E      F
               +-------+-------+-------+-------+-------+----------------------
         Total | 100.0 | 100.0 |   N/A | 100.0 | 100.0 | 1518.8
       Dungeon | 100.0 | 100.0 |   N/A | 100.0 | 100.0 | 1794.9
               +-------+-------+-------+-------+-------+----------------------

Notes
Turn   | Place    | Note
-------+----------+-------------------------------------------
     0 | D:1      | sanka the Spriggan Enchanter began the quest for the Orb.
     0 | D:1      | Reached XP level 1. HP: 9/9 MP: 5/5
   246 | D:1      | Reached XP level 2. HP: 12/13 MP: 2/6
   251 | D:1      | Reached skill level 5 in Stealth
   300 | D:1      | Learned a level 2 spell: Ensorcelled Hibernation
   505 | D:1      | Reached skill level 2 in Short Blades
  1118 | D:2      | Reached XP level 3. HP: 16/16 MP: 5/8
  1505 | D:2      | Reached skill level 6 in Stealth
  1582 | D:2      | Reached skill level 3 in Short Blades
  1585 | D:2      | Reached XP level 4. HP: 14/21 MP: 2/9
  1852 | D:2      | Found a burning altar of Makhleb.
  2180 | D:2      | Noticed Robin
  2288 | D:2      | Reached skill level 7 in Stealth
  2404 | D:2      | Killed Robin
  2404 | D:2      | Reached XP level 5. HP: 12/24 MP: 1/10
  2844 | D:2      | Learned a level 3 spell: Confuse
  2880 | D:2      | Reached skill level 4 in Short Blades
  3585 | D:3      | Reached skill level 8 in Stealth
  3661 | D:3      | Reached XP level 6. HP: 27/28 MP: 11/11
  3774 | D:3      | Reached skill level 5 in Short Blades
  4421 | D:4      | Reached skill level 3 in Spellcasting
  4430 | D:4      | Reached skill level 4 in Hexes
  4437 | D:4      | Found a shadowy altar of Dithmenos.
  4442 | D:4      | Found a glowing silver altar of Zin.
  4444 | D:4      | Found a snail-covered altar of Cheibriados.
  4531 | D:4      | Found a bloodstained altar of Trog.
  4555 | D:4      | Noticed Eustachio
  4616 | D:4      | Killed Eustachio
  4616 | D:4      | Reached skill level 4 in Spellcasting
  4616 | D:4      | Reached skill level 5 in Hexes
  4616 | D:4      | Reached XP level 7. HP: 25/32 MP: 14/14
  4893 | D:4      | Noticed Blork the orc
  4900 | D:4      | Killed Blork the orc
  4900 | D:4      | Reached skill level 5 in Spellcasting
  5271 | D:4      | Noticed Pikel
  5279 | D:4      | Killed Pikel
  5279 | D:4      | Reached skill level 6 in Spellcasting
  5279 | D:4      | Reached skill level 7 in Hexes
  5279 | D:4      | Reached XP level 8. HP: 15/36 MP: 13/19
  5487 | D:4      | Reached skill level 7 in Spellcasting
  5744 | D:5      | Entered Level 5 of the Dungeon
  5790 | D:5      | Found a staircase to the Ecumenical Temple.
  5802 | Temple   | Entered the Ecumenical Temple
  5915 | Temple   | Became a worshipper of the Wu Jian Council
  5985 | D:5      | Found a glowing golden altar of the Shining One.
  6134 | D:5      | Reached skill level 8 in Hexes
  6147 | D:5      | Learned a level 3 spell: Mephitic Cloud
  6305 | D:5      | Reached skill level 8 in Spellcasting
  6360 | D:5      | HP: 9/37 [phantom (4)]
  6366 | D:5      | Reached skill level 1 in Fighting
  6599 | D:6      | Reached skill level 4 in Dodging
  6731 | D:6      | Reached skill level 2 in Fighting
  6749 | D:6      | Reached skill level 5 in Dodging
  6754 | D:6      | Reached XP level 9. HP: 39/42 MP: 14/22
  7037 | D:6      | Found a shimmering blue altar of Sif Muna.
  7141 | D:6      | Reached skill level 6 in Dodging
  7184 | D:7      | Reached * piety under Wu Jian
  7197 | D:7      | Reached skill level 3 in Fighting
  7407 | D:7      | Reached skill level 7 in Dodging
  7500 | D:7      | Reached skill level 8 in Dodging
  7757 | D:7      | Found a stormy altar of Qazlal.
  7826 | D:7      | Reached skill level 9 in Stealth
  7905 | D:7      | Reached skill level 6 in Short Blades
  8005 | D:7      | Reached skill level 10 in Stealth
  8362 | D:8      | Reached skill level 7 in Short Blades
  8384 | D:8      | Reached ** piety under Wu Jian
  8547 | D:8      | Noticed a two-headed ogre
  8550 | D:8      | Killed a two-headed ogre
  8550 | D:8      | Reached skill level 11 in Stealth
  8550 | D:8      | Reached XP level 10. HP: 49/49 MP: 23/23
  8575 | D:8      | Reached skill level 8 in Short Blades
  8588 | D:8      | Reached skill level 12 in Stealth
  9021 | D:8      | Reached *** piety under Wu Jian
  9178 | D:8      | Reached skill level 9 in Dodging
  9191 | D:8      | Reached skill level 9 in Spellcasting
  9325 | D:8      | Found a sparkling altar of Nemelex Xobeh.
  9348 | D:8      | Reached skill level 9 in Hexes
  9739 | D:9      | Reached skill level 4 in Fighting
  9794 | D:9      | Reached XP level 11. HP: 53/53 MP: 25/25
 10147 | D:9      | Reached **** piety under Wu Jian
 10147 | D:9      | Reached skill level 13 in Stealth
 10436 | D:9      | Found a runed translucent door.
 10437 | D:9      | Found a shimmering altar of Xom.
 10437 | D:9      | Noticed Oto Noa's ghost (novice MiBe)
 10438 | D:9      | Noticed a +3 flail of chaos
 10634 | D:9      | Found an iron altar of Okawaru.
 10763 | D:9      | Killed Oto Noa's ghost
 10763 | D:9      | Reached skill level 9 in Short Blades
 10888 | D:10     | Entered Level 10 of the Dungeon
 10960 | D:10     | Noticed Psyche
 10966 | D:10     | Killed Psyche
 11077 | D:10     | Found a staircase to the Orcish Mines.
 11088 | D:10     | Reached skill level 10 in Dodging
 11613 | D:10     | Found a staircase to the Lair.
 11674 | D:10     | Noticed Harold
 11677 | D:10     | Killed Harold
 11691 | D:10     | Reached skill level 5 in Fighting
 11728 | D:10     | Reached ***** piety under Wu Jian
 11728 | D:10     | Reached skill level 10 in Hexes
 11887 | D:11     | Noticed a two-headed ogre
 12141 | D:11     | Noticed a red ugly thing
 12227 | D:11     | Reached skill level 14 in Stealth
 12298 | D:11     | Reached skill level 1 in Shields
 12302 | D:11     | Found a gate leading to a gauntlet.
 12309 | Gauntlet | Entered a Gauntlet
 12309 | Gauntlet | Found a transporter.
 12309 | Gauntlet | Found a transporter.
 12309 | Gauntlet | Found a transporter.
 12309 | Gauntlet | Noticed a fire crab
 12309 | Gauntlet | Noticed a necromancer
 12310 | Gauntlet | Found a transporter.
 12531 | Gauntlet | Found a transporter.
 12540 | Gauntlet | Noticed an oklob plant
 12545 | Gauntlet | Found a transporter.
 12545 | Gauntlet | Found a transporter.
 12547 | Gauntlet | Found a large runed translucent door.
 12548 | Gauntlet | Found a large runed translucent door.
 12549 | Gauntlet | Found a large runed translucent door.
 12549 | Gauntlet | Found a large runed translucent door.
 12549 | Gauntlet | Found a runed translucent door.
 12549 | Gauntlet | Found a runed translucent door.
 12550 | Gauntlet | Found a large runed translucent door.
 12550 | Gauntlet | Found a large runed translucent door.
 12550 | Gauntlet | Found a large runed translucent door.
 12550 | Gauntlet | Found a large runed translucent door.
 12551 | Gauntlet | Found a large runed translucent door.
 12552 | Gauntlet | Found a large runed translucent door.
 12552 | Gauntlet | Found a large runed translucent door.
 12553 | Gauntlet | Found a runed translucent gate.
 12553 | Gauntlet | Found a runed translucent gate.
 12553 | Gauntlet | Found a runed translucent gate.
 12554 | Gauntlet | Noticed a thrashing horror
 12554 | Gauntlet | Noticed a thrashing horror
 12555 | Gauntlet | Found a transporter.
 12564 | Gauntlet | Found a large runed translucent door.
 12565 | Gauntlet | Found a large runed translucent door.
 12566 | Gauntlet | Found a large runed translucent door.
 12574 | Gauntlet | Noticed a death scarab
 12576 | Gauntlet | Found a transporter.
 12576 | Gauntlet | Found a large runed translucent door.
 12576 | Gauntlet | Found a large runed translucent door.
 12578 | Gauntlet | Noticed a death scarab
 12593 | Gauntlet | Found a transporter.
 12597 | Gauntlet | Found a transporter.
 12598 | Gauntlet | Noticed a wizard
 12607 | Gauntlet | Found a transporter.
 12861 | Gauntlet | HP: 5/56 [fire crab (12)]
 12866 | Gauntlet | HP: 8/56 [fire bat (9)]
 12867 | Gauntlet | Slain by a fire bat

Action                   |  1- 3 |  4- 6 |  7- 9 | 10-12 || total
-------------------------+-------+-------+-------+-------++-------
Melee: Dagger            |    44 |   143 |   173 |   171 ||   531
 Cast: Corona            |     5 |       |       |       ||     5
       Ensorcelled Hiber |    20 |    67 |   105 |   162 ||   354
       Confuse           |       |     2 |    15 |    13 ||    30
Invok: Lunge             |       |       |    17 |    37 ||    54
       Whirlwind         |       |       |       |    14 ||    14
  Use: Scroll            |       |       |    12 |     3 ||    15
       Potion            |       |       |       |     4 ||     4
 Stab: Sleeping          |    19 |    52 |    76 |   102 ||   249
       Distracted        |       |     1 |     3 |     1 ||     5
       Confused          |       |     2 |    13 |    10 ||    25
  Eat: Ration            |       |     4 |     2 |     1 ||     7
Armor: Robe              |     7 |    23 |     6 |     2 ||    38
Dodge: Dodged            |    23 |   123 |   144 |   155 ||   445
Block: Buckler           |       |       |       |    33 ||    33
